 Dungeon Crawl Stone Soup version 0.17.1-1-g73c8601 (webtiles) character file.

686 Implojin the Grappler (level 7, -3/66 HPs)
             Began as a Troll Fighter on Apr 4, 2016.
             Was an Initiate of Okawaru.
             Slain by an orc warrior
             ... wielding a +0 battleaxe
              (5 damage)
             ... on level 6 of the Dungeon.
             The game lasted 00:04:24 (726 turns).

Implojin the Grappler (Troll Fighter)                Turns: 726, Time: 00:04:24

Health: -3/66      AC:  5    Str: 30    XL:     7   Next: 35%
Magic:  6/6        EV:  8    Int:  4    God:    Okawaru [......]
Gold:   49         SH:  9    Dex: 11    Spells: 2 memorised, 2 levels left

rFire  . . .     SeeInvis .       - Unarmed
rCold  . . .     Clarity  .     a - +0 robe
rNeg   . . .     SustAt   .     b - +0 shield
rPois  .         Gourm    +     (helmet restricted)
rElec  .         Spirit   .     (no cloak)
rCorr  .         Warding  .     (gloves unavailable)
rMut   .         Stasis   .     (boots unavailable)
MR     .....                    (no amulet)
Stlth  +.........               (no ring)
                                (no ring)

@: mighty, not resistant to hostile enchantments, very unstealthy
A: unfitting armour, claws 3, fast metabolism 3, gourmand, regeneration 2,
shaggy fur 1, tough skin 2
a: Renounce Religion


You were on level 6 of the Dungeon.
You worshipped Okawaru.
Okawaru was noncommittal.
You were not hungry.

You visited 2 branches of the dungeon, and saw 7 of its levels.

You collected 49 gold pieces.

Inventory:

Armour
 a - a +0 robe (worn)
 b - a +0 shield (worn)
Jewellery
 h - an uncursed ring of fire
Scrolls
 g - a scroll of identify {unknown}
 k - a scroll of blinking {unknown}
Potions
 e - a potion of ambrosia {unknown}
 f - a potion of magic
Books
 i - a book of Battle

   Spells                             Type                      Level
   a - Infusion                       Charms                       1
   b - Shroud of Golubria             Charms/Translocation         2
   c - Song of Slaying                Charms                       2
   d - Spectral Weapon                Hexes/Charms                 3
   e - Regeneration                   Charms/Necromancy            3
Comestibles
 d - 4 bread rations


   Skills:
 - Level 2.4 Fighting
 - Level 2.4 Dodging
 - Level 2.4 Shields
 * Level 8.4 Unarmed Combat


You had 2 spell levels left.
You knew the following spells:

 Your Spells              Type           Power        Failure   Level  Hunger
a - Infusion              Chrm           #.....       99%         1    ##.....
b - Regeneration          Chrm/Necr      #.........   100%        3    ####...


Dungeon Overview and Level Annotations

Branches:
Dungeon (6/15)             Temple (1/1) D:6

Altars:
Ashenzari
Dithmenos
Gozag
Kikubaaqudgha
Nemelex Xobeh
Okawaru
Qazlal
Ru
Sif Muna
Xom
Yredelemnul
Zin
The Shining One


Innate Abilities, Weirdness & Mutations

You are too large for most types of armour.
You have claws for hands.
Your metabolism is lightning-fast.
You like to eat raw meat.
You heal very quickly.
You are covered in fur (AC +1).
You have very tough skin (AC +2).


Message History

You kill the adder!
Okawaru accepts your kill.
Things that are here:
an adder corpse; a giant frog corpse As you open the door, it creaks loudly! 2 orc priests come into view.
The orc priest shouts! x2
The orc priest calls down the wrath of Beogh upon you.
Something smites you!
* * * LOW HITPOINT WARNING * * *
An orc warrior comes into view. It is wielding a battleaxe.
Read which item? (? for menu, Esc to quit)
Okay, then.
Drink which item? (? for menu, Esc to quit)
You feel very mighty all of a sudden.
The orc priest moves out of view.
A giant gecko comes into view.
Unknown command.
Unknown command.
Your shield prevents you from hitting the orc warrior.
The orc priest invokes the aid of Beogh against you.
Pain shoots through your body!
* * * LOW HITPOINT WARNING * * *
The giant gecko moves out of view.
The orc warrior hits you with a battleaxe!
* * * LOW HITPOINT WARNING * * *
Things that are here:
an adder corpse; a giant frog corpse You closely miss the orc warrior.
You claw the orc warrior!
The orc warrior is moderately wounded.
The orc warrior hits you with a battleaxe!
* * * LOW HITPOINT WARNING * * *
The orc priest mumbles some strange prayers to Beogh against you.
Something smites you!
* * * LOW HITPOINT WARNING * * *
Drink which item? (? for menu, Esc to quit)
It was a potion of magic.
Magic courses through your body.
The orc warrior hits you with a battleaxe.
You die...

. #o.
#....#.....#
#.⌠
#.o#.#####.#
#.. #..#.#.#
... ##+
#......#
####
.......#.#.#
.##......#o#
#....###.#
#.######o#
#.....@o.#
#..#######


You could see an orc warrior and an orc priest.

Vanquished Creatures
  Grinder (D:5)
  An ogre (D:4)
  A centaur (D:5)
  A giant frog (D:6)
  An orc wizard (D:5)
  A hound (D:4)
  2 orc priests
  An iguana (D:5)
  A worker ant (D:5)
  A worker ant zombie (D:5)
  4 adders
  2 worms
  2 giant geckos (D:5)
  5 orcs
  A giant cockroach (D:1)
  2 goblins
  A hobgoblin (D:1)
  A jackal (D:3)
  A kobold (D:1)
  A quokka (D:5)
  A bat (D:1)
  2 giant newts (D:5)
  A jackal skeleton (D:5)
  2 rats
37 creatures vanquished.

Notes
Turn   | Place    | Note
--------------------------------------------------------------
     0 | D:1      | Implojin the Troll Fighter began the quest for the Orb.
     0 | D:1      | Reached XP level 1. HP: 22/22 MP: 0/0
   130 | D:3      | Reached XP level 2. HP: 25/29 MP: 1/1
   143 | D:3      | Noticed an orc priest
   150 | D:4      | Reached skill level 3 in Unarmed Combat
   192 | D:4      | Reached skill level 4 in Unarmed Combat
   192 | D:4      | Reached XP level 3. HP: 17/36 MP: 2/2
   229 | D:3      | Killed an orc priest
   229 | D:3      | Reached XP level 4. HP: 44/44 MP: 3/3
   278 | D:4      | Noticed an ogre
   294 | D:4      | Killed an ogre
   294 | D:4      | Reached skill level 5 in Unarmed Combat
   294 | D:4      | Reached XP level 5. HP: 38/50 MP: 4/4
   301 | D:4      | Learned a level 1 spell: Infusion
   305 | D:4      | Learned a level 3 spell: Regeneration
   312 | D:5      | Entered Level 5 of the Dungeon
   362 | D:5      | Found an opulent altar of Gozag.
   401 | D:5      | Noticed Grinder
   437 | D:5      | Killed Grinder
   437 | D:5      | Reached skill level 7 in Unarmed Combat
   437 | D:5      | Reached XP level 6. HP: 28/59 MP: 5/5
   574 | D:5      | Noticed a centaur
   585 | D:5      | Killed a centaur
   585 | D:5      | Reached skill level 8 in Unarmed Combat
   585 | D:5      | Reached XP level 7. HP: 42/66 MP: 6/6
   599 | D:6      | Found a staircase to the Ecumenical Temple.
   606 | Temple   | Entered the Ecumenical Temple
   651 | Temple   | Became a worshipper of Warmaster Okawaru
   725 | D:6      | HP: 1/66 [orc priest/divine providence (8)]
   726 | D:6      | Slain by an orc warrior

Action                   |  1- 3 |  4- 6 |  7- 9 || total
-------------------------+-------+-------+-------++-------
Melee: Unarmed           |    70 |    51 |    21 ||   142
  Use: Potion            |       |       |     2 ||     2
  Eat: Chunk             |     5 |       |       ||     5

Table legend:
 A = Turns spent in this place as a percentage of turns spent in the entire game.
 B = Non-inter-level travel turns spent in this place as a percentage of non-inter-level travel turns spent in the entire game.
 C = Inter-level travel turns spent in this place as a percentage of turns spent in this place.
 D = Turns resting spent in this place as a percentage of non-inter-level travel turns spent in this place.
 E = Turns spent auto-exploring this place as a percentage of non-inter-level travel turns spent in this place.
 F = Non-inter-level travel turns spent in this place divided by the number of levels of this place that you've seen.
                   A       B       C       D       E      F
               +-------+-------+-------+-------+-------+----------------------
         Total | 100.0 | 100.0 |   0.0 |   0.0 |   0.0 | 104.1
       Dungeon |  91.9 |  91.9 |   0.0 |   0.0 |   0.0 | 111.7
        Temple |   8.1 |   8.1 |   0.0 |   0.0 |   0.0 |  59.0
               +-------+-------+-------+-------+-------+----------------------

Table legend:
 A = Kills in this place as a percentage of kills in entire the game.
 B = Kills by you in this place as a percentage of kills by you in the entire game.
 C = Kills by friends in this place as a percentage of kills by friends in the entire game.
 D = Other kills in this place as a percentage of other kills in the entire game.
 E = Experience gained in this place as a percentage of experience gained in the entire game.
 F = Experience gained in this place divided by the number of levels of this place that you have seen.
                   A       B       C       D       E      F
               +-------+-------+-------+-------+-------+----------------------
         Total | 100.0 | 100.0 |  -nan |  -nan | 100.0 | 140.0
       Dungeon | 100.0 | 100.0 |  -nan |  -nan | 100.0 | 163.3
               +-------+-------+-------+-------+-------+----------------------
